 Dungeon Crawl Stone Soup version 0.27-a0-512-g57cc695410 (webtiles) character file.

Game seed: 17276890025297805619

227 siradein the Cudgeller (level 5, -1/41 HPs)
             Began as a Demonspawn Berserker on Mar 3, 2021.
             Was a Believer of Trog.
             Killed by nerve-wracking pain
             ... invoked by Jessica
              (7 damage)
             ... on level 2 of the Dungeon.
             The game lasted 00:04:58 (2181 turns).

siradein the Cudgeller (Demonspawn Berserker)       Turns: 2181, Time: 00:04:59

Health: -1/41      AC:  3    Str: 17    XL:     5   Next: 70%
Magic:  5/5        EV: 12    Int:  8    God:    Trog [**....]
Gold:   104        SH:  0    Dex: 14    Spells: 4/4 levels left

rFire    . . .     SeeInvis .   k - +1 spear (venom)
rCold    . . .     Faith    .   (no shield)
rNeg     . . .     Spirit   .   b - +0 animal skin
rPois    .         Reflect  .   (helmet restricted)
rElec    .         Harm     .   f - scarf {+Inv}
rCorr    .         Rampage  .   c - +0 pair of gloves
Will     .....                  (no boots)
Stlth    +.........             (no amulet)
HPRegen  0.13/turn              (no ring)
MPRegen  0.09/turn              (no ring)

@: berserk cooldown, slowed, very slow
A: antennae 2, condensation shield
a: Renounce Religion, Evoke Invisibility, Berserk, Trog's Hand


You were on level 2 of the Dungeon.
You worshipped Trog.
Trog was pleased with you.
You visited 1 branch of the dungeon, and saw 2 of its levels.

You collected 104 gold pieces.

Inventory:

Hand Weapons
 a - a +0 mace
 k - a +1 spear of venom (weapon)
Missiles
 e - 7 atropa-tipped darts
 m - 15 bolts
 n - 15 poisoned darts
Armour
 b - a +0 animal skin (worn)
 c - a +0 pair of gloves (worn)
 f - a scarf of invisibility (worn)
Scrolls
 g - 2 scrolls of teleportation {unknown}
 j - a scroll of magic mapping {unknown}
 l - a scroll of random uselessness {unknown}
 o - a scroll of identify {unknown}
 p - a scroll of amnesia {unknown}
Potions
 d - a potion of degeneration {unknown}
 h - 3 potions of curing {unknown}
 i - a potion of attraction {unknown}


   Skills:
 - Level 3.0 Fighting
 + Level 5.9 Maces & Flails
 - Level 1.7 Armour
 - Level 1.7 Dodging


You had 4 spell levels left.
You didn't know any spells.
Your spell library was empty.

Dungeon Overview and Level Annotations

Branches:
Dungeon (2/15)

Altars:

Annotations:
D:2 Jessica


Innate Abilities, Weirdness & Mutations

You have a pair of antennae on your head.
A meltable shield of frost defends you. (SH +0)


Message History

Your condensation shield dissipates!
You see here a frilled lizard corpse.
You start resting.
You sense a monster nearby.
A red film seems to cover your vision as you go berserk!
You feel yourself moving faster!
You feel mighty!
A magic dart appears from out of thin air!
The magic dart hits you.
You feel a strong urge to attack something.
Something hits you!
* * * LOW HITPOINT WARNING * * *
You see here a frilled lizard corpse.
You puncture something! You hit something. Something hits you.
* * * LOW HITPOINT WARNING * * *
You closely miss something. You barely miss something.
Something barely misses you.
You miss something. You miss something. Trog accepts your kill.
Trog appreciates your killing of a magic user.
Reactivating autopickup.
You feel a bit more experienced.
Your Maces & Flails skill increases to level 5!
You have reached level 5!
Your demonic ancestry asserts itself...
The antennae on your head grow some more.
You feel a strong urge to attack something.
You are no longer berserk.
You are exhausted.
You feel yourself slow down.
Jessica shouts!
You see here a scroll labelled NISIUM HECEYDGH.
You hit the goblin.
You kill the goblin!
Trog accepts your kill.
Jessica shouts, "You are a ghastly nuisance!"
Jessica casts a spell at you. Pain shoots through your body!
You die...

#...... ...##..........
#.....####
#.............
#.....#.. #...........
#.....#.. #..........
#.....#.####.@......#
#.....#.............#
#.....#.#####.......#
#..†........†###†####
###....#@###.###)######
#>...+...@...†........
#....##.##.#.########.
#....##....#.#
#....##..###.#
#....##<.. ..#
#.<..######... ##'###
#... #####.# #...


You could see Jessica.

Vanquished Creatures
  Sigmund (D:2)
  2 adders (D:2)
  A worm (D:2)
  3 dart slugs (D:1)
  5 leopard geckos
  A giant cockroach (D:1)
  5 goblins
  6 hobgoblins
  2 jackals (D:1)
  4 kobolds
  A quokka (D:2)
  A ball python (D:2)
  4 bats
  7 frilled lizards
  7 rats
50 creatures vanquished.

Notes
Turn   | Place    | Note
-------+----------+-------------------------------------------
     0 | D:1      | siradein the Demonspawn Berserker began the quest for the
                  | Orb.
     0 | D:1      | Reached XP level 1. HP: 18/18 MP: 1/1
    35 | D:1      | Reached skill level 3 in Maces & Flails
   129 | D:1      | You fall into a shaft and drop 1 floor!
   145 | D:2      | Found a faded altar of an unknown god.
   156 | D:2      | Gained mutation: A meltable shield of frost defends you.
                  | (SH +0) [demonic ancestry]
   156 | D:2      | Reached XP level 2. HP: 12/24 MP: 2/2
   417 | D:2      | Reached skill level 4 in Maces & Flails
   417 | D:2      | Reached XP level 3. HP: 7/29 MP: 3/3
  1375 | D:1      | Reached ** piety under Trog
  1845 | D:1      | Gained mutation: You have a pair of small antennae on your
                  | head. [demonic ancestry]
  1845 | D:1      | Reached XP level 4. HP: 35/35 MP: 4/4
  2147 | D:2      | Noticed Sigmund
  2159 | D:2      | Noticed Jessica
  2173 | D:2      | Killed Sigmund
  2174 | D:2      | Reached skill level 5 in Maces & Flails
  2174 | D:2      | Gained mutation: You have a pair of antennae on your head.
                  | [demonic ancestry]
  2174 | D:2      | Reached XP level 5. HP: 7/41 MP: 5/5
  2181 | D:2      | Killed from afar by Jessica

Illustrated notes

Levels and vault maps discovered:
D:1:      noname_arrival_rooms_in_the_neighbourhood, layout_basic
D:2:      layout_basic, chequers_ecumenical_altar_simple, uniq_jessica,
          uniq_sigmund, uniq_robin

Skill      XL: |  1  2  3  4 |
---------------+-------------+-----
Maces & Flails | 3 4 5 |  5.9
Fighting       | |  3.0
Armour         | |  1.7
Dodging        | |  1.7

Action                   |  1- 3 |  4- 6 || total
-------------------------+-------+-------++-------
Melee: Mace              |   118 |       ||   118
       Spear             |    15 |    26 ||    41
Invok: Berserk           |       |     1 ||     1
 Stab: Sleeping          |     1 |     2 ||     3
Armor: Animal skin       |    15 |     1 ||    16
Dodge: Dodged            |    89 |    11 ||   100
Block: Other             |    34 |     3 ||    37

Table legend: (Time is in decaauts)
 A = Elapsed time spent in this place.
 B = Non-inter-level travel time spent in this place.
 C = Inter-level travel time spent in this place.
 D = Time resting spent in this place.
 E = Time spent auto-exploring this place.
 F = Levels seen in this place.
 G = Mean time per level.
                   A        B        C        D        E       F      G
               +--------+--------+--------+--------+--------+-----+--------+
         Total |   2209 |   2187 |     22 |    272 |   1388 |   2 | 1104.5 |
       Dungeon |   2209 |   2187 |     22 |    272 |   1388 |   2 | 1104.5 |
               +--------+--------+--------+--------+--------+-----+--------+

Top non-repeatable levels by time:
     D:1: 1372 daAuts
     D:2: 836 daAuts
